 Dungeon Crawl Stone Soup version 0.30-b1-2-g02819fbbbe (webtiles) character file.

Game seed: 4578410009310474453

1265 LLlMATKO the Trooper (level 8, -22/73 HPs)
             Began as a Minotaur Berserker on Nov 13, 2023.
             Was a Priest of Trog.
             Annihilated by an earth elemental (30 damage)
             ... on level 2 of the Abyss.
             The game lasted 00:05:16 (4940 turns).

LLlMATKO the Trooper (Minotaur Berserker)           Turns: 4940, Time: 00:05:17

Health: -22/73     AC:  9    Str: 23    XL:     8   Next: 27%
Magic:  7/7        EV: 16    Int:  4    God:    Trog [***...]
Gold:   239        SH:  0    Dex: 11    Spells: 7/7 levels left

rFire   . . .        p - +1 war axe
rCold   . . .        (no shield)
rNeg    . . .        g - +0 scale mail
rPois   .            (helmet restricted)
rElec   .            (no cloak)
rCorr   .            (no gloves)
SInv    .            e - +2 pair of slick slippers {slick, slippery, EV+4}
Will    ++...        (no amulet) Stlth
                     (no ring)
HPRegen 1.32/turn    (no ring)
MPRegen 0.10/turn

%: no passive effects
@: strong-willed, regenerating
A: horns 2, retaliatory headbutt
a: Renounce Religion, Berserk, Trog's Hand


You were on level 2 of the Abyss.
You worshipped Trog.
Trog was most pleased with you.
You visited 1 branch of the dungeon, and saw 6 of its levels.
You visited the Abyss 1 time.

You collected 344 gold pieces.
You spent 105 gold pieces at shops.

Inventory:

Hand Weapons
 p - a +1 war axe (weapon)
 w - a +0 war axe
Missiles
 u - 3 poisoned darts
 x - 6 silver javelins (quivered)
Armour
 e - the +2 pair of slick slippers (worn) {slick, slippery, EV+4}
   (You acquired it on level 6 of the Dungeon)

   Slick:     Its wearer cannot be constricted, engulfed, netted or webbed.
   Slippery:  Its wearer slips away from damaging melee attacks, pulling the
   attacker onward.
   EV:        It affects your evasion (+4).
 g - a +0 scale mail (worn)
Wands
 y - a wand of polymorph (14)
Scrolls
 f - 7 scrolls of identify
 i - a scroll of fear
 r - 2 scrolls of teleportation
Potions
 a - a potion of cancellation {unknown}
 b - 4 potions of lignification {unknown}
 c - 9 potions of curing
 d - 5 potions of heal wounds {unknown}
 h - 2 potions of attraction {unknown}
 k - a potion of invisibility {unknown}
 l - 3 potions of flight {unknown}
 m - a potion of ambrosia {unknown}
 n - 2 potions of haste {unknown}


   Skills:
 + Level 7.0 Fighting
 + Level 7.0 Axes
 + Level 6.3 Armour
 + Level 5.9 Dodging


You had 7 spell levels left.
You didn't know any spells.
Your spell library was empty.

Dungeon Overview and Level Annotations

Branches:
Dungeon (6/15)             Temple (0/1) D:6

Altars:
Kikubaaqudgha
Qazlal
Ru

Shops:
D:5 (?[(

Annotations:
D:6 Sigmund


Innate Abilities, Weirdness & Mutations

You have a pair of horns on your head.
You reflexively headbutt those who attack you in melee.


Message History

You miss something. Your headbutt misses something.
A sky beast appears from thin air!
Reactivating autopickup.
The sky beast misses you. You furiously retaliate!
You headbutt the sky beast. You hit the sky beast.
The sky beast is heavily wounded.
The sky beast closely misses you.
You slash the sky beast!
You kill the sky beast!
Trog accepts your kill.
Your Fighting skill increases to level 7!
Your Axes skill increases to level 7!
You see here a sky beast corpse.
You start resting.
An earth elemental comes into view.
Your skin crawls.
You feel strong-willed.
You start resting.
An earth elemental is nearby!
The earth elemental hits you!
* * * LOW HITPOINT WARNING * * *
You slip backwards!
You slash the earth elemental! You headbutt the earth elemental.
The earth elemental is moderately damaged.
You hit the earth elemental but do no damage.
The earth elemental is moderately damaged.
The earth elemental closely misses you. You furiously retaliate!
You headbutt the earth elemental.
You hit the earth elemental but do no damage.
The earth elemental is heavily damaged.
The earth elemental hits you!!
* * * LOW HITPOINT WARNING * * *
You slip backwards!
You slash the earth elemental!
The earth elemental is severely damaged.
You slash the earth elemental!
You headbutt the earth elemental, but do no damage.
The earth elemental is almost destroyed.
The earth elemental hits you!!
You die...

# .... ~~~~.
#
.#.#..#~~≈..
###. ... .# .
#..# #.#...#
...##..##.#
..# #
..##..###...#
##..#.#....#
.. #.#.#E.# #
# #..@#..#
#..####....#
## .#..#
##...# .#.. #
.


You could see an earth elemental.

Vanquished Creatures
  Menkaure (D:6)
  A sky beast (Abyss:2)
  3 ogres
  A centaur (D:5)
  A phantom (D:6)
  4 scorpions
  A hound (D:4)
  Terence (D:3)
  An iguana (D:6)
  A sleepcap (D:6)
  Natasha (thrice) (D:4)
  11 adders
  A gnoll (D:1)
  2 ufetubi
  2 worms
  5 dart slugs
  5 orcs
  A bat (D:2)
  5 endoplasms
  A giant cockroach (D:4)
  7 goblins
  8 hobgoblins
  16 jackals
  5 quokkas
  4 ball pythons
  4 frilled lizards
  4 kobolds
  9 rats
108 creatures vanquished.

Vanquished Creatures (collateral kills)
  Blork the orc (D:6)
1 creature vanquished.

Vanquished Creatures (others)
  A lurking horror (Abyss:2)
1 creature vanquished.

Grand Total: 110 creatures vanquished

Notes
Turn   | Place    | Note
-------+----------+-------------------------------------------
     0 | D:1      | LLlMATKO the Minotaur Berserker began the quest for the
                  | Orb.
     0 | D:1      | Reached XP level 1. HP: 19/19 MP: 0/0
    14 | D:1      | Reached XP level 2. HP: 5/27 MP: 1/1
    17 | D:1      | Found a faded altar of an unknown god.
   305 | D:1      | Reached XP level 3. HP: 22/33 MP: 2/2
   548 | D:1      | Reached ** piety under Trog
   689 | D:2      | You fall into a shaft and drop 2 floors!
   723 | D:4      | Noticed Natasha
   727 | D:4      | Killed Natasha
   728 | D:4      | Reached XP level 4. HP: 40/40 MP: 3/3
   788 | D:4      | Noticed a scorpion
   795 | D:4      | Killed a scorpion
   796 | D:4      | Reached XP level 5. HP: 47/47 MP: 4/4
  1753 | D:3      | Noticed Terence
  1760 | D:3      | Killed Terence
  1761 | D:3      | Reached skill level 5 in Fighting
  1761 | D:3      | Reached skill level 5 in Axes
  1916 | D:3      | Reached *** piety under Trog
  1995 | D:3      | Found an ancient bone altar of Kikubaaqudgha.
  2000 | D:3      | Found a stormy altar of Qazlal.
  2002 | D:3      | Found a sacrificial altar of Ru.
  2349 | D:4      | Noticed Natasha
  2358 | D:4      | Killed Natasha
  2359 | D:4      | Reached XP level 6. HP: 44/56 MP: 5/5
  3505 | D:4      | Noticed Natasha
  3510 | D:4      | Killed Natasha
  3979 | D:5      | Entered Level 5 of the Dungeon
  4094 | D:5      | Reached skill level 5 in Armour
  4094 | D:5      | Reached XP level 7. HP: 53/62 MP: 6/6
  4168 | D:5      | Found Ohunid's Armour Shoppe.
  4170 | D:5      | Found Cosa's Antique Weapon Emporium.
  4361 | D:5      | Reached skill level 5 in Dodging
  4490 | D:5      | Found Sozanud's Magic Scroll Shoppe.
  4499 | D:5      | Bought a scroll of magic mapping for 105 gold pieces
  4650 | D:5      | Found Dias's Weapon Boutique.
  4739 | D:6      | Noticed Menkaure
  4746 | D:6      | Killed Menkaure
  4749 | D:6      | Reached XP level 8. HP: 30/71 MP: 7/7
  4754 | D:6      | Noticed Blork the orc
  4786 | D:6      | Identified a scroll of acquirement
  4786 | D:6      | Acquired the +2 pair of slick slippers {slick, slippery,
                  | EV+4}
  4786 | D:6      | Found the +2 pair of slick slippers {slick, slippery, EV+4}
  4818 | D:6      | Killed Blork the orc
  4830 | D:6      | Noticed Sigmund
  4833 | Abyss:2  | Cast into level 2 of the Abyss (Sigmund)
  4885 | Abyss:2  | Noticed a smoke demon
  4940 | Abyss:2  | Annihilated by an earth elemental

Illustrated notes

Levels and vault maps discovered:
D:1:      tarquinn_simple_flora_water_e, layout_basic,
          hellmonk_ecumenical_altar_dog_temple
D:2:      layout_loops_ring, minivault_24, st_stairs_4
D:3:      layout_basic, grunt_temple_overflow_open, nrook_campfire,
          minmay_misc_feat_roman, uniq_terence
D:4:      kb_forest_paths, layout_loops_ring, uniq_natasha
D:5:      layout_loops_ring, serial_shops, nicolae_shop_behind_doors, shop,
          shop, nicolae_shop_real_fake_doors
D:6:      layout_cave_pools, minmay_temple_entry_butterflies,
          gup_sewer_entry_glass, serial_shops, nicolae_shop_window_shopping,
          uniq_sigmund, uniq_grinder, uniq_eustachio, uniq_blork_the_orc,
          uniq_menkaure
Abyss:2:  base: Temple, spicy_abyss_helpful_harpoons, evilmike_abyss_exit_15

Skill      XL: |  1  2  3  4  5  6  7  8 |
---------------+-------------------------+-----
Axes           | 4 5 6 7 |  7.0
Fighting       | 4 5 6 7 |  7.0
Armour         | 3 4 5 6 |  6.3
Dodging        | 3 4 5 |  5.9

Action                     |  1- 3 |  4- 6 |  7- 9 || total
---------------------------+-------+-------+-------++-------
  Melee: Hand axe          |    45 |    88 |       ||   133
         Headbutt          |     4 |    17 |    13 ||    34
         War axe           |       |    56 |    56 ||   112
         Punch             |       |     1 |       ||     1
 Invoke: Berserk           |     2 |     3 |     2 ||     7
         Trog's Hand       |       |       |     1 ||     1
    Use: Scroll            |       |       |    11 ||    11
 Armour: Animal skin       |     6 |       |       ||     6
         Ring mail         |     5 |     7 |       ||    12
         Scale mail        |       |    46 |    24 ||    70
  Dodge: Dodged            |    37 |    89 |    28 ||   154
